 Dungeon Crawl Stone Soup version 0.24.1 (webtiles) character file.

Game seed: 1393170985069793135, levelgen mode: deterministic

113 BowlsofSteal the Chopper (level 4, -12/35 HPs)
             Began as a Demonspawn Berserker on Apr 5, 2020.
             Was a Believer of Trog.
             Mangled by a gnoll
             ... wielding a +0 halberd
              (13 damage)
             ... on level 2 of the Dungeon.
             The game lasted 00:08:16 (1596 turns).

BowlsofSteal the Chopper (Demonspawn Berserker)     Turns: 1596, Time: 00:08:17

Health: -12/35     AC:  5    Str: 19    XL:     4   Next: 65%
Magic:  0/4        EV: 11    Int:  8    God:    Trog [**....]
Gold:   124        SH:  0    Dex: 12    Spells: 3/3 levels left

rFire    . . .     SeeInvis .   r - +4 dagger
rCold    . . .     Gourm    .   (no shield)
rNeg     . . .     Faith    .   t - +0 ring mail
rPois    .         Spirit   +   (helmet restricted)
rElec    .         Reflect  .   (no cloak)
rCorr    .         Harm     .   (no gloves)
MR       .....                  (no boots)
Stlth    +.........             (no amulet)
HPRegen  0.11/turn              (no ring)
MPRegen  0.09/turn              (no ring)

@: no status effects
A: horns 1, magic shield
a: Berserk, Trog's Hand, Renounce Religion


You were on level 2 of the Dungeon.
You worshipped Trog.
Trog was pleased with you.
You were not hungry.

You visited 1 branch of the dungeon, and saw 2 of its levels.

You collected 124 gold pieces.

Inventory:

Hand Weapons
 a - a +0 hand axe
 h - a +0 club
 i - a +0 short sword
 o - a +0 hunting sling
 r - a +4 dagger (weapon)
Missiles
 f - 16 bolts
Armour
 b - a +0 animal skin
 d - a +0 ring mail
 e - a +0 scale mail
 j - a +0 robe
 m - a +0 robe
 t - a +0 ring mail (worn)
Jewellery
 n - an uncursed ring of see invisible {unknown}
Scrolls
 k - 2 scrolls of remove curse
 l - a scroll of noise {unknown}
 p - a scroll of enchant armour {unknown}
 q - a scroll of identify
Comestibles
 c - 5 rations


   Skills:
 + Level 3.4 Fighting
 + Level 0.6 Short Blades
 + Level 3.7 Axes
 + Level 2.6 Armour
 + Level 2.4 Dodging


You had 3 spell levels left.
You didn't know any spells.
Your spell library was empty.

Dungeon Overview and Level Annotations

Branches:
Dungeon (2/15)

Altars:


Innate Abilities, Weirdness & Mutations

You have a pair of small horns on your head.
When hurt, damage is shared between your health and your magic reserves.


Message History

The gnoll is moderately wounded.
The gnoll barely misses you. The gnoll hits you but does no damage.
The gnoll misses you.
Things that are here:
a +0 whip; a gnoll corpse You closely miss the gnoll.
The gnoll barely misses you. The gnoll completely misses you.
The gnoll hits you.
* * * LOW HITPOINT WARNING * * *
You hit the gnoll.
The gnoll is lightly wounded.
The gnoll hits you but does no damage. The gnoll hits you.
* * * LOW HITPOINT WARNING * * *
The gnoll hits you but does no damage.
You closely miss the gnoll.
The gnoll is lightly wounded.
The gnoll barely misses you. The gnoll closely misses you.
You hit the gnoll.
The gnoll is heavily wounded.
The gnoll hits you with a +0 halberd!
You die...

...# #.#.#####
# .###
#.#.....# # .#
#.#.###.# # .##
#.#.###.# #
..####.#...#.#
#
.......###.#.#
# ..######
#.#.# #####.# #
.## #.#.#
#.g...# # .#
#.#.# #@###.# #
.# #.†.# #g# ##
#### .#
#.#.###g###....
.... .
.<###........#
# #.#
##.#.##..# #
..# ##......#
... ###
#.#..#.## .##
#.##.>..# # #..
#....# .


You could see 3 gnolls.

Vanquished Creatures
  A crimson imp (D:2)
  A gnoll (D:2)
  An ooze (D:2)
  A worm (D:2)
  2 dart slugs
  A leopard gecko (D:2)
  7 giant cockroaches
  9 goblins
  8 hobgoblins
  2 jackals (D:2)
  A ball python (D:2)
  4 bats
  2 frilled lizards (D:1)
  7 kobolds
  7 rats
54 creatures vanquished.

Notes
Turn   | Place    | Note
-------+----------+-------------------------------------------
     0 | D:1      | BowlsofSteal the Demonspawn Berserker began the quest for
                  | the Orb.
     0 | D:1      | Reached XP level 1. HP: 18/18 MP: 1/1
   276 | D:1      | Gained mutation: When hurt, damage is shared between your
                  | health and your magic reserves. [demonic ancestry]
   276 | D:1      | Reached XP level 2. HP: 14/24 MP: 2/2
   915 | D:1      | Reached XP level 3. HP: 24/29 MP: 1/3
  1088 | D:2      | Reached ** piety under Trog
  1237 | D:2      | Gained mutation: You have a pair of small horns on your
                  | head. [demonic ancestry]
  1237 | D:2      | Reached XP level 4. HP: 24/35 MP: 2/4
  1594 | D:2      | HP: 1/35 [gnoll (4)]
  1596 | D:2      | Mangled by a gnoll

Levels and vault maps discovered:
D:1:      wander_arrival_lonely_grave, layout_basic
D:2:      layout_loops_ring, minmay_tiny_reverse_x

Skill      XL: |  1  2 |
---------------+-------+-----
Axes           | 3 |  3.7
Dodging        | 2 |  2.4
Armour         | 2 |  2.6
Fighting       | |  3.4
Short Blades   | |  0.6

Action                   |  1- 3 |  4- 6 || total
-------------------------+-------+-------++-------
Melee: Hand axe          |    77 |       ||    77
       Dagger            |    29 |    61 ||    90
       Headbutt          |       |     7 ||     7
  Use: Scroll            |     3 |       ||     3
       Potion            |     2 |     2 ||     4
  Eat: Chunk             |     1 |     1 ||     2
Armor: Scale mail        |    33 |       ||    33
       Animal skin       |     4 |       ||     4
       Ring mail         |     5 |    24 ||    29
Dodge: Dodged            |    75 |    59 ||   134
